 Dungeon Crawl Stone Soup version 0.26.1-11-gd32895ea62 (webtiles) character file.

Game seed: 6044401377877223796

2905 Almogavar the Destroyer (level 9, -10/67 HPs)
             Began as a Black Draconian Conjurer on May 30, 2021.
             Mangled by a wyvern (13 damage)
             ... on level 8 of the Dungeon.
             The game lasted 00:27:51 (9107 turns).

Almogavar the Destroyer (Black Draconian Conjurer)  Turns: 9107, Time: 00:27:52

Health: -10/67     AC: 12    Str: 10    XL:     9   Next: 49%
Magic:  28/28      EV: 13    Int: 22    God:
Gold:   397        SH:  0    Dex:  9    Spells: 15/22 levels left

rFire    . . .     SeeInvis .   f - +2 dagger (venom)
rCold    . . .     Faith    .   (no shield)
rNeg     . . .     Spirit   .   (armour unavailable)
rPois    .         Reflect  .   C - +1 hat
rElec    +         Harm     .   l - +0 cloak
rCorr    .         Rampage  .   A - +0 pair of gloves
Will     .....                  F - +1 pair of boots
Stlth    ++++......             (no amulet)
HPRegen  0.21/turn              e - ring of magical power
MPRegen  0.21/turn              j - ring of stealth

@: short of breath, marked
A: breathe lightning, unfitting armour, electricity resistance, cold-blooded, AC
+7
a: Breathe Lightning


You were on level 8 of the Dungeon.
You visited 1 branch of the dungeon, and saw 8 of its levels.
You also visited: Sewer.

You collected 397 gold pieces.

Inventory:

Hand Weapons
 c - a cursed -3 spear
 f - a +2 dagger of venom (weapon)
Armour
 l - a +0 cloak (worn)
 A - a +0 pair of gloves (worn)
 C - a +1 hat (worn)
 F - a +1 pair of boots (worn)
Jewellery
 a - an uncursed ring of protection from cold
 e - a ring of magical power (left hand)
 j - a ring of stealth (right hand)
 o - an uncursed ring of resist corrosion
 z - a +6 ring of dexterity
 D - an uncursed ring of willpower
Wands
 n - a wand of disintegration (32)
 x - a wand of polymorph (8)
 K - a wand of acid (7)
 L - a wand of flame (12)
 M - a wand of paralysis (10)
Scrolls
 g - 7 scrolls of magic mapping
 h - a scroll of enchant weapon
 k - 6 scrolls of teleportation
 r - 2 scrolls of enchant armour
 t - 2 scrolls of blinking {unknown}
 v - a scroll of amnesia {unknown}
 E - 2 scrolls of remove curse {unknown}
 H - 2 scrolls of fog {unknown}
 I - 4 scrolls of fear {unknown}
 J - a scroll of holy word {unknown}
Potions
 b - 3 potions of lignification
 d - a potion of haste
 i - 7 potions of curing
 m - 2 potions of might
 p - 2 potions of attraction
 q - 4 potions of resistance
 s - 2 potions of cancellation {unknown}
 u - 2 potions of flight {unknown}
 w - 2 potions of ambrosia {unknown}
 B - 4 potions of magic
 G - 4 potions of heal wounds {unknown}


   Skills:
 + Level 2.1 Fighting
 + Level 3.3 Dodging
 + Level 5.1 Stealth
 + Level 7.0 Spellcasting
 + Level 8.8 Conjurations
 * Level 4.2 Translocations


You had 15 spell levels left.
You knew the following spells:

 Your Spells              Type           Power        Failure   Level
a - Magic Dart            Conj           100%         1%          1
b - Searing Ray           Conj           92%          1%          2
c - Iskenderun's Mystic   Conj/Tloc      36%          5%          4

Your spell library contained the following spells:

 Spells                   Type           Power        Failure   Level
 Dazzling Flash           Conj/Hex       54%          4%          3
 Fulminant Prism          Conj/Hex       13%          13%         4


Dungeon Overview and Level Annotations

Branches:
Dungeon (8/15)             Temple (0/1) D:7           Sewer (visited)
   Lair: D:8-11

Altars:
Ashenzari

Shops:
D:4 *   D:5 [

Annotations:
D:3 3 runed translucent doors, Descartes's ghost, amateur DEWz; PanSaczeczos's ghost, amateur HOFE; Quickbrownfox's ghost, amateur MiFi; mahan's ghost, amateur HOBe
D:4 2 transporters, mahan's ghost, amateur MiBe


Innate Abilities, Weirdness & Mutations

You can breathe wild blasts of lightning.
Your glossy black scales are hard. (AC +7)
You cannot fit into any form of body armour.
You are resistant to electric shocks. (rElec)
You are cold-blooded and may be slowed by cold attacks.


Message History

(Press . to maintain the ray.) Harold hits you with a cursed +0 trident.
The searing ray hits Harold!
Harold is severely wounded.
The wyvern bites you.
A bullfrog comes into view.
The searing ray hits Harold!
You kill Harold!
The wyvern bites you!
* * * LOW HITPOINT WARNING * * *
The wyvern bites you!
* * * LOW HITPOINT WARNING * * *
Your Fighting skill increases to level 2!
Your Dodging skill increases to level 3!
Your Stealth skill increases to level 5!
Your Spellcasting skill increases to level 7!
Your Translocations skill increases to level 4!
It was a potion of magic.
Magic courses through your body. The wyvern bites you!
You die...

. ### #. #.. .#####
#..# ...#.. ..##
.....###....
#.........#
#..##....#
#...)@#..##
#.[...l###..##
./##..# ##..##
#F.######...#######
..^.................
#..##########(#######
#.. #..### ..
#(...### #.##...##


You could see a wyvern and a bullfrog.

Vanquished Creatures
  Harold (D:8)
  Grinder (D:6)
  Duvessa (D:4)
  2 water moccasins
  2 sky beasts (D:7)
  An ice beast (D:8)
  A phantom (D:4)
  2 centaurs
  3 bullfrogs
  Dowan (D:4)
  2 scorpions
  A howler monkey (D:4)
  3 bullfrog zombies
  A jelly (D:6)
  An orc wizard (D:4)
  Jessica (D:3)
  Natasha (D:3)
  4 worker ants
  A hound zombie (D:5)
  A hound skeleton (D:4)
  Robin (D:3)
  A gnoll (D:6)
  A howler monkey skeleton (D:8)
  17 adders
  7 river rats
  A shadow imp (D:8)
  2 white imps
  An ufetubus (D:5)
  2 oozes
  2 adder zombies
  6 dart slugs
  5 leopard geckos
  21 orcs
  9 giant cockroaches
  13 goblins
  16 hobgoblins
  9 jackals
  7 kobolds
  2 quokkas
  9 ball pythons
  7 bats
  6 frilled lizards
  A leopard gecko skeleton (D:4)
  36 rats
213 creatures vanquished.

Notes
Turn   | Place    | Note
-------+----------+-------------------------------------------
     0 | D:1      | Almogavar the Draconian Conjurer began the quest for the
                  | Orb.
     0 | D:1      | Reached XP level 1. HP: 14/14 MP: 3/3
   243 | D:1      | Reached XP level 2. HP: 20/20 MP: 0/5
   246 | D:1      | Learned a level 2 spell: Searing Ray
   856 | D:1      | Reached XP level 3. HP: 26/26 MP: 4/6
  1711 | D:2      | Reached skill level 5 in Conjurations
  2004 | D:2      | Found a faded altar of an unknown god.
  2183 | D:3      | Reached XP level 4. HP: 33/33 MP: 8/8
  2192 | D:3      | Learned a level 4 spell: Iskenderun's Mystic Blast
  2231 | D:3      | Noticed Robin
  2236 | D:3      | Killed Robin
  2420 | D:3      | Found a broken altar of Ashenzari.
  2542 | D:3      | Noticed Jessica
  2554 | D:3      | Killed Jessica
  2555 | D:3      | Reached XP level 5. HP: 39/39 MP: 6/9
  2955 | D:3      | Noticed mahan's ghost (amateur HOBe)
  2957 | D:3      | Found a runed translucent gate.
  2957 | D:3      | Noticed PanSaczeczos's ghost (amateur HOFE)
  2957 | D:3      | Noticed Descartes's ghost (amateur DEWz)
  2957 | D:3      | Noticed Quickbrownfox's ghost (amateur MiFi)
  2957 | D:3      | Noticed Descartes's ghost (amateur DEWz)
  2958 | D:3      | Found a runed translucent gate.
  2958 | D:3      | Found a runed translucent gate.
  3207 | D:3      | Noticed Natasha
  3213 | D:3      | Killed Natasha
  3453 | D:4      | Noticed a toenail golem
  3459 | D:4      | Noticed mahan's ghost (amateur MiBe)
  3704 | D:4      | Reached skill level 6 in Conjurations
  3704 | D:4      | Reached XP level 6. HP: 46/46 MP: 11/11
  3804 | D:4      | Noticed Duvessa
  3816 | D:4      | Noticed Dowan
  3820 | D:4      | Killed Duvessa
  3830 | D:4      | Killed Dowan
  4169 | D:4      | Found a transporter.
  4173 | D:4      | Found a transporter.
  4594 | D:4      | Your scales start taking on a glossy black colour.
  4594 | D:4      | Reached XP level 7. HP: 41/51 MP: 13/13
  4594 | D:4      | Gained mutation: You are resistant to electric shocks.
                  | (rElec) [Black Draconian growth]
  4679 | D:4      | Found Giepp's Assorted Antiques.
  4979 | D:5      | Entered Level 5 of the Dungeon
  5413 | D:5      | Found Neaj's Antique Armour Shop.
  5423 | D:5      | Reached skill level 7 in Conjurations
  5681 | D:6      | Noticed Grinder
  5694 | D:6      | Paralysed by Grinder for 2 turns
  5702 | D:6      | Killed Grinder
  5703 | D:6      | Reached skill level 5 in Spellcasting
  5703 | D:6      | Reached skill level 1 in Translocations
  5703 | D:6      | Reached XP level 8. HP: 53/58 MP: 4/15
  5762 | D:6      | Found a glowing drain.
  5791 | Sewer    | Entered a sewer
  6461 | Sewer    | Reached skill level 1 in Fighting
  7455 | D:6      | Reached skill level 8 in Conjurations
  8150 | D:7      | Found a staircase to the Ecumenical Temple.
  8699 | D:7      | Reached XP level 9. HP: 64/64 MP: 18/18
  9096 | D:8      | Noticed Harold
  9106 | D:8      | Killed Harold
  9106 | D:8      | HP: 3/67 [wyvern (11)]
  9107 | D:8      | Reached skill level 5 in Stealth
  9107 | D:8      | Mangled by a wyvern

Illustrated notes

Levels and vault maps discovered:
D:1:      dpeg_arrival_prison, layout_basic
D:2:      layout_rooms, chequers_ecumenical_altar_grove
D:3:      layout_loops_cross, evilmike_ruin_ashenzari, gammafunk_ghost_cemetery,
          patterned_corridor, uniq_natasha, uniq_robin, uniq_jessica
D:4:      layout_loops_corners, serial_shops, nicolae_shop_waterfront,
          gammafunk_ghost_abyssal_escape, ebering_dispersal_statue_hall,
          hangedman_abyss_or_decor_lesser_grid, minivault_5, uniq_duvessa
D:5:      layout_rooms, serial_shops, nicolae_shop_window_shopping
D:6:      minmay_diamond_boxcup, layout_basic, portal_sewer_entry_c,
          lemuel_flamethrower_1, uniq_grinder
D:7:      layout_layer_cave, minmay_temple_entry_from_below_a
D:8:      layout_rooms, gammafunk_ghost_cemetery, nicolae_gozag_seed_capital,
          uniq_harold, uniq_joseph

Skill      XL: |  1  2  3  4  5  6  7  8  9 |
---------------+----------------------------+-----
Conjurations   | 5 6 7 8 |  8.8
Stealth        | 2 3 4 5 |  5.1
Spellcasting   | 3 4 5 6 7 |  7.0
Translocations | 1 3 4 |  4.2
Fighting       | 1 2 |  2.1
Dodging        | 2 3 |  3.3

Action                   |  1- 3 |  4- 6 |  7- 9 || total
-------------------------+-------+-------+-------++-------
Melee: Short sword       |    17 |       |       ||    17
       Dagger            |       |     4 |    11 ||    15
 Cast: Magic Dart        |    77 |    39 |    90 ||   206
       Searing Ray       |     7 |    29 |    62 ||    98
       Iskenderun's Myst |       |       |     1 ||     1
 Abil: Breathe Lightning |       |       |     3 ||     3
  Use: Scroll            |     3 |     4 |     6 ||    13
       Potion            |       |       |     1 ||     1
 Stab: Sleeping          |     1 |     1 |     2 ||     4
Armor: Skin              |     7 |     6 |    30 ||    43
Dodge: Dodged            |     9 |     7 |    40 ||    56
